AoeStats
← 牛油果

Nomad

507935687Analyzed
4v4 RM · 12d ago on Sep 20, 2026· 46m 27s· 8 players
Game mode
Random Map
Map size
231×231
Population
200
Speed
Normal
Resources
Standard
Victory
Conquest
Starting age
Dark Age
Ending age
Imperial Age
RankedLock teamsTeams togetherTeam positionsShared explorationLock speedFull tech treeHidden civsTurbo modeCheats
Victory
Defeat
🇨🇳 Persians · China
1575
+13
🇩🇪 Aztecs · Germany
1558
+13
🇷🇺 Saracens · Russia
1532
+14
🇹🇼 Burgundians · Taiwan
1495
+16
🇭🇰 Armenians · Hong Kong SAR China
1625
-18
🇭🇰 Italians · Hong Kong SAR China
1513
-15
🇭🇰 Mongols · Hong Kong SAR China
1472
-13
🇨🇿 Dravidians · Czechia
1391
-10
murphykuang0205
4:48 Loom
13:50 Feudal Age
17:58 Castle Age
15:48 Double-Bit Axe
16:47 Bow Saw
17:55 Fishing Lines
20:02 Gold Mining
19:54 Horse Collar
25:59 Town Watch
26:58 Wheelbarrow
26:30 Husbandry
26:52 Forging
28:19 Heavy Plow
29:49 Stone Mining
30:15 Scale Barding Armor
30:45 Iron Casting
34:12 Imperial Age
32:39 Hand Cart
33:44 Chain Barding Armor
34:22 Gold Shaft Mining
36:23 Plate Barding Armor
36:12 Burgundian Vineyards
36:25 Medium Warships
37:56 Heavy Warships
38:31 Iron Casting
38:19 Conscription
38:56 Crop Rotation
39:35 Chemistry
38:33 Elite Coustillier
41:02 Blast Furnace
41:42 Fletching
42:18 Bodkin Arrow
41:54 Cavalier
43:03 Paladin
46:19 Padded Archer Armor
Theverat
8:22 Loom
14:06 Feudal Age
14:47 Town Watch
19:50 Castle Age
18:21 Horse Collar
18:29 Double-Bit Axe
19:47 Wheelbarrow
21:12 Eagle Warrior
21:58 Scale Mail Armor
22:09 Forging
23:33 Squires
23:49 Chain Mail Armor
27:26 Bow Saw
28:00 Gold Mining
29:57 Arson
39:02 Elite Skirmisher
40:08 Padded Archer Armor
41:04 Gold Shaft Mining
41:13 Fletching
43:33 Bodkin Arrow
44:43 Leather Archer Armor
45:30 Hand Cart
xxArMoRxx
4:12 Loom
13:46 Feudal Age
20:14 Castle Age
18:19 Double-Bit Axe
22:28 Scale Barding Armor
24:19 Gold Mining
24:16 Horse Collar
25:05 Bloodlines
24:56 Husbandry
25:09 Forging
25:21 Fishing Lines
26:04 Stone Mining
28:02 Chain Barding Armor
32:35 Iron Casting
37:28 Town Watch
41:04 Wheelbarrow
41:17 Bow Saw
Bo Zhi Shang
4:43 Loom
29:57 Feudal Age
35:10 Castle Age
36:00 Medium Warships
牛油果
6:06 Loom
13:37 Feudal Age
13:47 Man-at-Arms
14:16 Double-Bit Axe
14:17 Fishing Lines
14:44 Town Watch
14:31 Long Swordsman
14:56 Arson
16:00 Wheelbarrow
22:00 Castle Age
22:55 Bow Saw
22:36 Gillnets
22:09 Two-Handed Swordsman
22:51 Squires
28:05 Imperial Age
27:33 Scale Mail Armor
45:31 Gambesons
[Marty]TheEY
10:10 Loom
23:51 Feudal Age
24:42 Double-Bit Axe
27:26 Castle Age
25:19 Fishing Lines
25:56 Gold Mining
26:23 Town Watch
27:46 Fishing Lines
28:21 Medium Warships
28:43 Gillnets
29:07 Bow Saw
31:32 Horse Collar
34:14 Wheelbarrow
34:44 Clinker Construction
34:44 Stone Mining
38:20 Imperial Age
36:37 Fletching
36:47 Padded Archer Armor
37:08 Ballistics
37:26 Masonry
38:23 Bodkin Arrow
38:44 Leather Archer Armor
39:22 Bracer
40:25 Chemistry
41:06 Conscription
41:11 Elite Genoese Crossbowman
46:24 Leather Archer Armor
evi
3:46 Loom
13:29 Feudal Age
17:43 Castle Age
16:21 Double-Bit Axe
18:54 Bow Saw
18:35 Fletching
20:41 Bodkin Arrow
23:07 Wheelbarrow
24:00 Gold Mining
28:38 Fishing Lines
30:54 Gillnets
32:55 Horse Collar
33:53 Bloodlines
35:45 Ballistics
39:05 Imperial Age
36:51 Padded Archer Armor
37:16 Husbandry
37:53 Gold Shaft Mining
38:44 Hand Cart
38:45 Leather Archer Armor
38:36 Thumb Ring
38:09 Light Cavalry
40:17 Parthian Tactics
39:53 Bracer
40:54 Chemistry
41:10 Elite Mangudai
42:35 Forging
RegiTehT
12:03 Feudal Age
12:55 Loom
16:02 Castle Age
14:59 Double-Bit Axe
18:04 Bow Saw
17:52 Fishing Lines
18:50 Man-at-Arms
21:51 Pikeman
31:18 Squires
30:39 Long Swordsman
32:11 Scale Mail Armor
32:12 Horse Collar
33:19 Wheelbarrow
36:04 Imperial Age
35:35 Wheelbarrow
38:48 Imperial Age
38:55 Imperial Age
39:27 Imperial Age
44:35 Two-Man Saw
Connection lost

Rejoining the realm…

Still unreachable

The connection could not be restored.

Session expired

The server has moved on; the page needs a fresh start.